 Dungeon Crawl Stone Soup version 0.17-a0-1778-gd369669 (webtiles) character file.

53 Medar the Insei (level 3, -4/23 HPs)
             Began as an Octopode Transmuter on Sept 8, 2015.
             Slain by a centaur zombie (7 damage)
             ... on level 3 of the Dungeon.
             The game lasted 00:06:53 (1989 turns).

Medar the Insei (Octopode Transmuter)               Turns: 1989, Time: 00:06:53

Health: -4/23      AC:  1    Str:  9    XL:     3   Next: 89%
Magic:  2/6        EV:  7    Int: 16    God:
Gold:   98         SH:  0    Dex: 12    Spells: 3 memorised, 0 levels left

rFire  . . .     SeeInvis .       - Unarmed
rCold  . . .     Clarity  .     (no shield)
rNeg   . . .     SustAt   .     (helmet restricted)
rPois  .         Gourm    .     (no amulet)
rElec  .         Spirit   .     (no ring)
rCorr  .         Warding  .     (no ring)
rMut   .         Stasis   .     (no ring)
MR     .....                    (no ring)
Stlth  +++.......               (no ring)
                                (no ring)
                                (no ring)
                                (no ring)

@: appendage (expiring), not resistant to hostile enchantments, fairly stealthy
A: almost no armour, amphibious, 8 rings, constrict 8, tentacle spike 3,
camouflage 1, gelatinous body 1
a: End Transformation


You were on level 3 of the Dungeon.
You were not hungry.
One of your tentacles had a temporary spike.
You visited 1 branch of the dungeon, and saw 3 of its levels.

You collected 98 gold pieces.

Inventory:

Hand weapons
 b - a +0 blowgun
Missiles
 a - 3 arrows
 t - 15 poisoned needles
Jewellery
 q - a cursed +3 ring of evasion {unknown}
Scrolls
 d - a scroll of random uselessness {unknown}
 f - a scroll of noise
 g - a scroll of fear {unknown}
 j - a scroll of recharging {unknown}
 l - a scroll of magic mapping
 m - a scroll of remove curse {unknown}
 p - a scroll of identify {unknown}
 r - a scroll of blinking {unknown}
Potions
 e - a potion of brilliance {unknown}
 h - a potion of heal wounds {unknown}
 i - a potion of might {unknown}
 k - a potion of haste {unknown}
 o - a potion of lignification {unknown}
Books
 u - a book of Changes

   Spells                             Type                      Level
   a - Beastly Appendage              Transmutation                1
   b - Sticks to Snakes               Transmutation                2
   c - Spider Form                    Transmutation/Poison         3
   d - Ice Form                       Ice/Transmutation            4
   e - Blade Hands                    Transmutation                5
Comestibles
 c - a bread ration {@e1}
 n - 2 meat rations {@e2}
 s - a chunk of flesh


   Skills:
 - Level 1.0 Fighting
 - Level 2.0 Dodging
 - Level 2.4 Stealth
 - Level 3.1 Unarmed Combat
 - Level 2.0 Spellcasting
 + Level 3.0 Transmutations
 + Level 1.6 Poison Magic


You couldn't memorise any spells.
You knew the following spells:

 Your Spells              Type           Power        Failure   Level  Hunger
d - Sticks to Snakes      Trmt           ##........   10%         2    ###....
f - Spider Form           Trmt/Pois      #.........   28%         3    ###....
s - Beastly Appendage     Trmt           ##....       8%          1    #......


Dungeon Overview and Level Annotations

Branches:
Dungeon (3/15)

Altars:

Annotations:
D:1 1 runed door


Innate Abilities, Weirdness & Mutations

You cannot wear most types of armour.
You are amphibious.
You can wear up to eight rings at the same time.
You can use your tentacles to constrict eight enemies at once.
Your skin changes colour to match your surroundings (Stealth).
Your rubbery body absorbs attacks (AC +1).
One of your tentacles bears a large vicious spike.


Message History

The centaur zombie hits you. The kobold hits you with a club.
The centaur zombie barely misses you.
You tentacle-slap the centaur zombie.
You pierce the centaur zombie, but do no damage.
Your transformation is almost over.
The centaur zombie hits you. The kobold barely misses you.
Some of the chunks of flesh in your inventory have rotted away.
The centaur zombie hits your ball python.
Your ball python bites the centaur zombie but does no damage.
Casting: Sticks to Snakes
Confirm with . or Enter, or press ? or * to list all spells.
You don't have enough magic to cast that spell.
The centaur zombie hits your ball python.
Your ball python dies!
The kobold closely misses you. The centaur zombie barely misses you.
There is a stone staircase leading up here.
The centaur zombie hits you!
* * * LOW HITPOINT WARNING * * *
The kobold hits you but does no damage. The centaur zombie hits you!
You die...

#.#### #....###
... ####.#..
..# . #.#.##
..# .. #.#..#
..##. #.#..#
.... #.#..#
..#####
#....###.......
###...Z@.....#
#.†...K.......#
#.#..##..#.##.#
#.#..##.#....
#.......######
#########


You could see a centaur zombie and a kobold.

Vanquished Creatures
  An adder (D:2)
  2 oozes
  2 worms (D:2)
  A ball python (D:1)
  3 bats (D:2)
  2 giant cockroaches
  2 goblins
  4 hobgoblins
  5 jackals (D:1)
  4 kobolds
  A quokka (D:2)
  2 giant newts
  4 rats
33 creatures vanquished.

Vanquished Creatures (collateral kills)
  A giant newt (D:3)
  A jackal (D:1)
2 creatures vanquished.

Grand Total: 35 creatures vanquished

Notes
Turn   | Place    | Note
--------------------------------------------------------------
     0 | D:1      | Medar the Octopode Transmuter began the quest for the Orb.
     0 | D:1      | Reached XP level 1. HP: 13/13 MP: 3/3
     1 | D:1      | Found a runed door.
     2 | D:1      | Noticed a jelly
   189 | D:1      | Reached XP level 2. HP: 15/18 MP: 3/5
   196 | D:1      | Learned a level 2 spell: Sticks to Snakes
   538 | D:1      | Reached skill level 1 in Stealth
   867 | D:2      | Reached XP level 3. HP: 21/23 MP: 6/6
   890 | D:2      | Learned a level 3 spell: Spider Form
  1080 | D:2      | Reached skill level 1 in Poison Magic
  1989 | D:3      | Slain by a centaur zombie

Vault maps used:
D:1:      dpeg_arrival_caged_fury
D:3:      kennysheep_goblin_castle, grunt_dithmenos_smoke

Action                   || total
-------------------------++-------
Melee: Unarmed           ||    73
 Cast: Beastly Appendage ||    16
       Sticks to Snakes  ||     9
  Use: Scroll            ||     2
 Stab: Sleeping          ||     3
  Eat: Chunk             ||     4
